 Dungeon Crawl Stone Soup version 0.20.2-3-g29329e0561 (webtiles) character file.

30 Alfie the Skirmisher (level 3, 0/33 HPs)
             Began as a Hill Orc Fighter on Nov 28, 2023.
             Slain by a giant cockroach (2 damage)
             ... on level 2 of the Dungeon.
             The game lasted 00:03:01 (926 turns).

Alfie the Skirmisher (Hill Orc Fighter)              Turns: 926, Time: 00:03:05

Health: 0/33       AC:  7    Str: 24    XL:     3   Next: 20%
Magic:  3/3        EV:  7    Int:  8    God:
Gold:   61         SH:  9    Dex: 10    Spells: 2/2 levels left

rFire    . . .     SeeInvis .   a - +0 rapier
rCold    . . .     Gourm    .   c - +0 shield
rNeg     . . .     Faith    .   b - +0 scale mail
rPois    .         Spirit   .   (no helmet)
rElec    .         Reflect  .   (no cloak)
rCorr    .         Harm     .   (no gloves)
MR       .....                  (no boots)
Stlth    ..........             (no amulet)
Regen    0.2/turn               (no ring)
MPRegen  0.1/turn               (no ring)

@: mighty, lethally poisoned (0 -> -2), slowed, very slow
A: no striking features
a: no special abilities


You were on level 2 of the Dungeon.
You were not hungry.

You visited 1 branch of the dungeon, and saw 2 of its levels.

You collected 61 gold pieces.

Inventory:

Hand Weapons
 a - a +0 rapier (weapon)
Armour
 b - a +0 scale mail (worn)
 c - a +0 shield (worn)
Jewellery
 e - a cursed ring of teleportation {unknown}
Scrolls
 k - a scroll of recharging {unknown}
 m - a scroll of identify {unknown}
 o - a scroll of amnesia {unknown}
Potions
 d - a potion of might
 p - a potion of invisibility {unknown}
Comestibles
 f - a bread ration
 j - a royal jelly
 n - 4 fruits


   Skills:
 + Level 4.0 Fighting
 + Level 2.3 Short Blades
 + Level 3.8 Armour
 + Level 3.6 Shields


You had 2 spell levels left.
You didn't know any spells.

Dungeon Overview and Level Annotations

Branches:
Dungeon (2/15)

Altars:

Annotations:
D:2 Natasha


Message History

Natasha shimmers violently.
Natasha closely misses you. You block the giant cockroach's attack.
As you read the scroll labeled LUPNUK LEUNU, it crumbles to dust.
You feel blessed for a moment.
It was a scroll of remove curse.
The bat hits you but does no damage. The adder closely misses you.
You block the kobold's attack. The bat hits you but does no damage.
The giant cockroach bites you but does no damage.
Natasha claws you. The adder bites you.
You are poisoned.
The adder poisons you! The bat closely misses you.
The kobold hits you but does no damage. The giant cockroach barely misses you.
Natasha claws you.
As you read the scroll labeled SIMUMO RAYSHUIMN, it crumbles to dust.
You feel aware of your surroundings.
You sensed 1 altar.
It was a scroll of magic mapping.
You feel sick. The bat barely misses you. The adder barely misses you.
The giant cockroach barely misses you. You block the kobold's attack.
Natasha claws you!
* * * LOW HITPOINT WARNING * * *
You block the adder's attack. The giant cockroach bites you.
You die...

,,,,,,,,* * ,,****#,#** ### * *,*
#...######.## *
*,****#.....<..)..## *
*,*,,,......##.....#### **
*,*,,,.........(......# *******,
*,,,,,.......#.....##.# *,,,,,,,
,,,,,,.....####K..##*,# *,*****,
*,*,,,....,* #.s@hb#*,* *,* **
,,,,,,.,..####.#S#.##.# **,** *
*,*,*,,,,.......l.....#**>,,** *
,,,,,,,,,.####.#......#*,,,,,****
***,*,,,,,* *#.......>..,,,,,,*,,
,,,,********#.$......#..,,,,,**,*
*********,,.............,,,,,**,*
,,,,,,,,,,###..##...####,*,*,**,*
*,,******** #..**#.## *,***,**,*


You could see Natasha, an adder, a leopard gecko, a giant cockroach, a bat and a
kobold.

Vanquished Creatures
  An ooze (D:1)
  A dart slug (D:1)
  A goblin (D:1)
  5 hobgoblins
  4 jackals (D:1)
  4 bats (D:1)
  3 frilled lizards (D:1)
  3 kobolds
  2 rats (D:1)
24 creatures vanquished.

Notes
Turn   | Place    | Note
-------+----------+-------------------------------------------
     0 | D:1      | Alfie the Hill Orc Fighter began the quest for the Orb.
     0 | D:1      | Reached XP level 1. HP: 19/19 MP: 1/1
   185 | D:1      | Reached XP level 2. HP: 27/27 MP: 2/2
   468 | D:1      | Reached XP level 3. HP: 29/33 MP: 3/3
   898 | D:2      | Noticed Natasha
   898 | D:2      | Reached skill level 4 in Fighting
   921 | D:2      | HP: 1/33 [Natasha (2)]
   926 | D:2      | Slain by a giant cockroach

Skill      XL: |  1  2  3 |
---------------+----------+-----
Fighting       | 4 |  4.0
Short Blades   | |  2.3
Armour         | |  3.8
Shields        | |  3.6

Action                   || total
-------------------------++-------
Melee: Rapier            ||    68
  Use: Potion            ||     3
       Scroll            ||     2
Armor: Scale mail        ||    59
Dodge: Dodged            ||    55
Block: Shield            ||    58
